 Dungeon Crawl Stone Soup version 0.28-a0-589-g333b8329f1 (webtiles) character file.

Game seed: 2115736663956131910

1364 Spaninq the Stinger (level 8, -5/46 HPs)
             Began as a Kobold Venom Mage on Oct 3, 2021.
             Was an Initiate of Sif Muna.
             Slain by an ogre (30 damage)
             ... on level 5 of the Dungeon.
             The game lasted 00:16:06 (7349 turns).

Spaninq the Stinger (Kobold Venom Mage)             Turns: 7349, Time: 00:16:07

Health: -5/46      AC:  5    Str:  6      XL:     8   Next: 96%
Magic:  15/15      EV: 14    Int: 18      God:    Sif Muna [......]
Gold:   177        SH:  0    Dex: 13 (15) Spells: 9/17 levels left

rFire   . . .      SeeInvis .   a - +2 dagger (venom)
rCold   . . .      Faith    .   (shield restricted)
rNeg    + . .      Spirit   .   j - +0 robe
rPois   .          Reflect  .   e - +0 helmet
rElec   .          Harm     .   f - +0 cloak
rCorr   .          Rampage  .   B - +0 pair of gloves
Will    .....                   (no boots)
Stlth   ++++......              (no amulet)
HPRegen 0.15/turn               l - ring of positive energy
MPRegen 0.14/turn               u - +4 ring of slaying

@: no status effects
A: small, no large weapons, nightstalker 3
a: Renounce Religion


You were on level 5 of the Dungeon.
You worshipped Sif Muna.
Sif Muna was noncommittal.
You visited 2 branches of the dungeon, and saw 8 of its levels.

You collected 177 gold pieces.

Inventory:

Hand Weapons
 a - a +2 dagger of venom (weapon)
 s - a +2 dagger of speed
Armour
 b - a +0 buckler
 e - a +0 helmet (worn)
 f - a +0 cloak (worn)
 j - a +0 robe (worn)
 r - a +2 ring mail of cold resistance
 B - a +0 pair of gloves (worn)
Jewellery
 d - a +6 ring of strength
 l - a ring of positive energy (left hand)
 p - a ring of protection from fire
 u - a +4 ring of slaying (right hand)
 A - a ring of positive energy
Wands
 k - a wand of polymorph (5)
 D - a wand of iceblast (11)
Scrolls
 c - 3 scrolls of fog {unknown}
 g - 2 scrolls of fear {unknown}
 h - a scroll of enchant weapon {unknown}
 n - a scroll of amnesia {unknown}
 o - 2 scrolls of identify {unknown}
 t - 2 scrolls of enchant armour {unknown}
 v - a scroll of vulnerability {unknown}
 w - a scroll of holy word {unknown}
 x - 2 scrolls of teleportation {unknown}
 y - a scroll of summoning {unknown}
Potions
 z - a potion of curing


   Skills:
 + Level 3.2 Fighting
 - Level 2.4 Dodging
 + Level 5.4 Stealth
 * Level 5.2 Spellcasting
 * Level 4.1 Conjurations
 - Level 1.0 Transmutations
 * Level 4.0 Air Magic
 * Level 5.6 Poison Magic


You had 9 spell levels left.
You knew the following spells:

 Your Spells              Type           Power      Damage    Failure   Level
a - Sting                 Tmut/Pois      64%        1d6       3%          1
b - Mephitic Cloud        Conj/Pois/Air  21%        N/A       6%          3
c - Olgreb's Toxic Radia  Pois           25%        N/A       13%         4

Your spell library contained the following spells:

 Spells                   Type           Power      Damage    Failure   Level
 Poisonous Vapours        Pois/Air       44%        N/A       2%          2


Dungeon Overview and Level Annotations

Branches:
Dungeon (7/15)             Temple (1/1) D:6

Altars:
Ashenzari
Cheibriados
Dithmenos
Gozag
Hepliaklqana
Kikubaaqudgha
Makhleb
Nemelex Xobeh
Okawaru
Qazlal
Ru
Sif Muna
Trog
Uskayaw
Vehumet
Xom
Yredelemnul
The Shining One

Annotations:
D:2 Sigmund
D:3 Terence


Innate Abilities, Weirdness & Mutations

You are small and have problems with some larger weapons.
You are completely attuned to the shadows.


Message History

You hit the scorpion zombie but do no damage.
The scorpion zombie is severely damaged.
You hit the scorpion zombie.
The scorpion zombie is severely damaged.
The scorpion zombie hits you.
You hit the scorpion zombie.
The scorpion zombie is almost destroyed.
The scorpion zombie hits you but does no damage.
You completely miss the scorpion zombie.
The scorpion zombie is almost destroyed.
You puncture the scorpion zombie!
You destroy the scorpion zombie!
Sif Muna accepts your kill.
Your +2 dagger of venom begins to drip with poison!
a - a +2 dagger of venom (weapon)
You now have 177 gold pieces (gained 7).
HP restored.
Found a stone staircase leading up.
Found a ring mail.
You see here a +0 ring mail.
Found 17 arrows.
Found an escape hatch in the ceiling.
A sky beast comes into view.
An ogre comes into view. It is wielding a +0 giant club.
The ogre moves out of view.
The ogre shouts!
The sky beast closely misses you.
You miss the sky beast. The sky beast closely misses you.
You closely miss the sky beast. The sky beast barely misses you.
You hit the ogre.
The ogre is lightly wounded.
The ogre hits you with a +0 giant club!
You hit the ogre.
The ogre is poisoned.
The ogre is moderately wounded.
The ogre hits you with a +0 giant club!
You puncture the ogre!
The ogre looks as sick as possible!
The ogre is heavily wounded.
The ogre hits you with a +0 giant club!!
Ouch! That really hurt!
You die...

.......# ..
.......# #.
.......# . ......<#
. ...(...# .
.......# # .......#
.
......#############
#
.......YO@..[......
##############...#
####...<# ........#
#####...# #...#####
#........ #....####
####.#


You could see a sky beast and an ogre (extremely poisoned).

Vanquished Creatures
  Grinder (D:4)
  Prince Ribbit (D:5)
  An ogre (D:4)
  3 centaurs
  A wight (Temple)
  5 killer bees (D:7)
  A bullfrog zombie (D:5)
  2 hounds
  A jelly (D:7)
  Jessica (D:2)
  A scorpion zombie (D:5)
  2 iguanas
  A howler monkey zombie (D:5)
  5 adders
  An ufetubus (D:4)
  3 worms
  A dart slug (D:3)
  10 orcs
  6 endoplasms
  8 giant cockroaches
  12 goblins
  5 hobgoblins
  6 kobolds
  A quokka (D:2)
  9 ball pythons
  4 bats
  4 frilled lizards
  A jackal skeleton (D:3)
  5 rats
102 creatures vanquished.

Notes
Turn   | Place    | Note
-------+----------+-------------------------------------------
     0 | D:1      | Spaninq the Kobold Venom Mage began the quest for the Orb.
     0 | D:1      | Reached XP level 1. HP: 10/10 MP: 3/3
   443 | D:1      | Reached XP level 2. HP: 15/15 MP: 0/5
  1304 | D:2      | Reached XP level 3. HP: 18/20 MP: 0/6
  1308 | D:2      | Reached skill level 1 in Fighting
  1461 | D:2      | Noticed Sigmund
  1746 | D:2      | Learned a level 3 spell: Mephitic Cloud
  1972 | D:2      | Reached XP level 4. HP: 25/25 MP: 4/8
  2119 | D:2      | Noticed Jessica
  2124 | D:2      | Killed Jessica
  2783 | D:2      | Found a faded altar of an unknown god.
  3185 | D:3      | Noticed Terence
  3230 | D:3      | Reached XP level 5. HP: 29/29 MP: 9/9
  3507 | D:3      | Reached skill level 1 in Conjurations
  3703 | D:3      | Reached skill level 1 in Air Magic
  4523 | D:4      | Reached XP level 6. HP: 35/35 MP: 11/11
  4713 | D:4      | You fall into a shaft and drop 3 floors!
  4748 | D:7      | Reached XP level 7. HP: 19/40 MP: 6/12
  5068 | D:6      | Found a staircase to the Ecumenical Temple.
  5074 | Temple   | Entered the Ecumenical Temple
  5505 | Temple   | Became a worshipper of Sif Muna the Loreminder
  5549 | D:5      | Entered Level 5 of the Dungeon
  5713 | D:5      | Learned a level 4 spell: Olgreb's Toxic Radiance
  5756 | D:5      | Reached XP level 8. HP: 18/45 MP: 14/14
  6022 | D:5      | Noticed Prince Ribbit
  6032 | D:5      | Killed Prince Ribbit
  6033 | D:5      | Reached skill level 5 in Stealth
  6033 | D:5      | Reached skill level 5 in Poison Magic
  6483 | D:4      | Noticed Grinder
  6495 | D:4      | Paralysed by Grinder for 4 turns
  6500 | D:4      | Paralysed by Grinder for 2 turns
  6648 | D:4      | Paralysed by Grinder for 4 turns
  6670 | D:4      | Killed Grinder
  6671 | D:4      | Reached skill level 5 in Spellcasting
  7349 | D:5      | Slain by an ogre

Illustrated notes

Levels and vault maps discovered:
D:1:      dpeg_arrival_castle, layout_basic
D:2:      wander_river, layout_basic, chequers_ecumenical_altar_lobes,
          uniq_jessica, uniq_sigmund
D:3:      layout_basic, minmay_fractal_squares_gapless_5, uniq_terence
D:4:      layout_basic, minivault_24, uniq_grinder
D:5:      layout_basic, uniq_prince_ribbit1
D:6:      layout_cave_pools, lemuel_crystal_altar, zin_statuary,
          minmay_temple_entry_mist, serial_shops,
          nicolae_shop_temple_entry_statues_fountains, chequers_mini_garden
D:7:      layout_basic
Temple:   compressed_dpeg_circular_temple

Skill      XL: |  1  2  3  4  5  6  7  8 |
---------------+-------------------------+-----
Stealth        | 3 4 5 |  5.4
Fighting       | 1 2 3 |  3.2
Spellcasting   | 3 4 5 |  5.2
Conjurations   | 1 2 3 4 |  4.1
Air Magic      | 1 2 4 |  4.0
Poison Magic   | 4 5 |  5.6
Dodging        | |  2.4
Transmutations | |  1.0

Action                   |  1- 3 |  4- 6 |  7- 9 || total
-------------------------+-------+-------+-------++-------
Melee: Dagger            |    11 |    67 |   111 ||   189
 Cast: Sting             |    55 |    22 |     2 ||    79
       Mephitic Cloud    |       |     2 |       ||     2
  Use: Potion            |       |     2 |     7 ||     9
 Stab: Sleeping          |     1 |    17 |    10 ||    28
       Distracted        |       |     1 |     2 ||     3
       Confused          |       |       |     2 ||     2
Armor: Robe              |     2 |     8 |    14 ||    24
       Skin              |       |       |     2 ||     2
Dodge: Dodged            |     9 |    45 |    66 ||   120

Table legend: (Time is in decaauts)
 A = Elapsed time spent in this place.
 B = Non-inter-level travel time spent in this place.
 C = Inter-level travel time spent in this place.
 D = Time resting spent in this place.
 E = Time spent auto-exploring this place.
 F = Levels seen in this place.
 G = Mean time per level.
                   A        B        C        D        E       F      G
               +--------+--------+--------+--------+--------+-----+--------+
         Total |   7386 |   7282 |    104 |   1653 |   4568 |   8 |  923.2 |
       Dungeon |   6946 |   6842 |    104 |   1431 |   4442 |   7 |  992.3 |
        Temple |    439 |    439 |      0 |    222 |    126 |   1 |  439.0 |
               +--------+--------+--------+--------+--------+-----+--------+

Top non-repeatable levels by time:
     D:2: 2036 daAuts
     D:3: 1293 daAuts
     D:1: 1182 daAuts
     D:4: 1106 daAuts
     D:5: 931 daAuts
  Temple: 439 daAuts
     D:7: 351 daAuts
     D:6: 44 daAuts
